 Dungeon Sprint DCSS version 0.23.0 (webtiles) character file.

Game seed: 8392714145158416630

645600000 Fang the Conqueror (level 27, 341/341 HPs)
             Began as a Demonspawn Gladiator on Feb 13, 2019.
             Was the Champion of Makhleb.
             Escaped with the Orb!
             The game lasted 00:20:10 (3228 turns).

Fang the Conqueror (Demonspawn Gladiator)           Turns: 3228, Time: 00:20:11

Health: 341/341    AC: 27    Str: 24    XL:     27
Magic:  54/54      EV: 30    Int: 12    God:    Makhleb [******]
Gold:   0          SH:  0    Dex: 18    Spells: 80/80 levels left

rFire    . . .     SeeInvis +   l - +∞ Axe of Woe
rCold    . . .     Gourm    .   (shield currently unavailable)
rNeg     + . .     Faith    .   f - +0 pearl dragon scales
rPois    .         Spirit   .   c - +0 helmet
rElec    .         Reflect  .   (no cloak)
rCorr    .         Harm     .   (no gloves)
MR       ++...     NoTele   +   (boots unavailable)
Stlth    ++++......             (no amulet)
HPRegen  0.66/turn              o - ring of see invisible
MPRegen  0.34/turn              p - +100 ring of slaying

@: starving
A: talons 3, rugged brown scales 3, agile 1, foul stench 2, nightstalker 3,
robust 3, rot immunity
0: Orb of Zot
a: Minor Destruction, Lesser Servant of Makhleb, Major Destruction, Greater
Servant of Makhleb, Renounce Religion


You escaped.
You worshipped Makhleb.
Makhleb was exalted by your worship.
You were starving.

You visited 1 branch

Inventory:

Hand Weapons
 a - a +0 war axe
 l - the +∞ Axe of Woe (weapon)
   (You found it in the Dungeon)
Missiles
 d - 3 throwing nets (quivered)
Armour
 b - a +0 leather armour
 c - a +0 helmet (worn)
 f - +0 pearl dragon scales (worn)
 n - a +0 plate armour
Jewellery
 o - a ring of see invisible (left hand)
 p - a +100 ring of slaying (right hand)
 O - an uncursed ring of protection from fire
Scrolls
 k - a scroll of blinking
Potions
 e - a potion of curing
 g - a potion of heal wounds
 h - a potion of haste
 i - 2 potions of magic
 j - a potion of berserk rage


   Skills:
 O Level 27 Fighting
 O Level 27 Short Blades
 O Level 27 Long Blades
 O Level 27 Axes
 O Level 27 Maces & Flails
 O Level 27 Polearms
 O Level 27 Slings
 O Level 27 Bows
 O Level 27 Crossbows
 O Level 27 Throwing
 O Level 27 Armour
 O Level 27 Dodging
 O Level 27 Stealth
 O Level 27 Shields
 O Level 27 Unarmed Combat
 O Level 27 Spellcasting
 O Level 27 Conjurations
 O Level 27 Hexes
 O Level 27 Charms
 O Level 27 Summonings
 O Level 27 Necromancy
 O Level 27 Translocations
 O Level 27 Transmutations
 O Level 27 Fire Magic
 O Level 27 Ice Magic
 O Level 27 Air Magic
 O Level 27 Earth Magic
 O Level 27 Poison Magic
 O Level 27 Invocations
 O Level 27 Evocations


You had 80 spell levels left.
You didn't know any spells.
Your spell library was empty.

Dungeon Overview and Level Annotations

Branches:
Dungeon (1/1)

Altars:
Makhleb


Innate Abilities, Weirdness & Mutations

You have claws for feet.
You are completely covered in rugged brown scales. (AC +3, +7% HP)
You frequently emit foul miasma when damaged in melee.
You are completely attuned to the shadows.
You are extremely robust. (+30% HP)
You are immune to rotting.
You are agile. (Dex +2)


Message History

You hear a shout!
Things that are here:
a +0 demon trident of freezing; a +9 war axe You hear a shout! x3
Things that are here:
a +9 war axe; a +30 ring of slaying You hear a shout! x2
Items here: ( ))) [ a +0 long sword of flaming; a +0 longbow; 18 arrows; a +0 robe; a +9 war axe You hear a shout! x2
You hear a shout! x3
There is a burning altar of Makhleb here.
You hear a shout!
You hear a shout! x2
You hear a shout! x2
You hear a shout! x4
There is a staircase leading out of the dungeon, spattered with blood here.
Things that are here:
a +9 war axe x2; a +30 ring of slaying You have escaped!

..........)........).)))...))....
).#........)..).)))))))).))).)..#
...#).......#..)))..#............
......#.....#...))..#...........#
)..#......###).)))))###..........
.............).###))(.........)##
.......#.......)_)...(.[......)))
.....#.....).#..).)#).))...#.#...
###..........#_.@._#...))).......
#....#.......#.....#..)..)#.#.#=)
)).....#........_.)...))......)..
))))...........###))()..)..#.#.#.
)).)......###(....).###).........
..))........#.(.).(.#............
..))........#.())...#3...........
...#..)........=(...)...)......))
..#.#.#[......))...[......)[#....


There were no monsters in sight!

Vanquished Creatures
  149 orcs (D)
  3 seraphim (D)
  An ancient lich (D)
  20 pandemonium lords (D)
  A profane servitor (D)
  A Tzitzimitl (D)
  2 liches (D)
  4 Brimstone Fiends (D)
  A hellephant (D)
  A tentacled monstrosity (D)
  6 Hell Sentinels (D)
  5 Ice Fiends (D)
  21 Orb Guardians (D)
  8 Executioners (D)
  An eldritch tentacle (D)
  4 daevas (D)
  5 balrugs (D)
  8 cacodemons (D)
  2 warmongers (D)
  4 angels (D)
  A blood saint (D)
  5 reapers (D)
  8 starcursed masses (D)
  A corrupter (D)
  A lorocyproca (D)
  3 blizzard demons (D)
  A green death (D)
  6 monstrous demonspawn (D)
  A great orb of eyes (D)
  A rakshasa (D)
  4 hell beasts (D)
  9 sun demons (D)
  6 soul eaters (D)
  9 sixfirhies (D)
  2 glowing orange brains (D)
  8 large abominations (D)
  4 infernal demonspawn (D)
  2 shadow demons (D)
  4 cherubim (D)
  2 toenail golems (D)
  2 rust devils (D)
  12 orange demons (D)
  9 smoke demons (D)
  6 hellions (D)
  3 demonic crawlers (D)
  7 tormentors (D)
  12 hellwings (D)
  9 red devils (D)
  4 ice devils (D)
  3 ynoxinuls (D)
  6 chaos spawn (D)
  2 eyes of draining (D)
  An iron imp (D)
  Dispater (D)
  4 vampire knights (D)
  24 ogres (D)
  6 two-headed ogres (D)
436 creatures vanquished.

Notes
Turn   | Place    | Note
-------+----------+-------------------------------------------
     0 | D        | Found the +∞ Axe of Woe
     0 | D        | Fang the Demonspawn Gladiator began the quest for the Orb.
     0 | D        | Reached XP level 1. HP: 16/16 MP: 1/1
     4 | D        | Became a worshipper of Makhleb the Destroyer
     6 | D        | Noticed a bag of meat
     6 | D        | Noticed a bag of meat
     6 | D        | Noticed a bag of meat
    11 | D        | Noticed a meat berserker
    11 | D        | Noticed a bag of meat
    12 | D        | Noticed a bag of meat
    12 | D        | Noticed a bag of meat
    13 | D        | Killed a bag of meat
    13 | D        | Gained mutation: You have sharp toenails. [demonic
                  | ancestry]
    13 | D        | Reached XP level 2. HP: 43/43 MP: 2/2
    13 | D        | Reached XP level 3. HP: 49/49 MP: 3/3
    13 | D        | Gained mutation: You are immune to rotting. [demonic
                  | ancestry]
    13 | D        | Reached XP level 4. HP: 56/56 MP: 4/4
    13 | D        | Gained mutation: You are partially covered in rugged brown
                  | scales. (AC +1, +3% HP) [demonic ancestry]
    13 | D        | Reached XP level 5. HP: 56/63 MP: 5/5
    13 | D        | Reached XP level 6. HP: 63/71 MP: 6/6
    13 | D        | Reached XP level 7. HP: 68/77 MP: 7/7
    13 | D        | Gained mutation: You are slightly more attuned to the
                  | shadows. [demonic ancestry]
    13 | D        | Reached XP level 8. HP: 74/84 MP: 8/8
    13 | D        | Gained mutation: You are mostly covered in rugged brown
                  | scales. (AC +2, +5% HP) [demonic ancestry]
    13 | D        | Reached XP level 9. HP: 74/92 MP: 9/9
    13 | D        | Reached XP level 10. HP: 80/99 MP: 10/10
    13 | D        | Gained mutation: You have razor-sharp toenails. [demonic
                  | ancestry]
    13 | D        | Reached XP level 11. HP: 86/106 MP: 11/11
    13 | D        | Noticed a bag of meat
    14 | D        | Killed a meat berserker
    14 | D        | Reached * piety under Makhleb
    14 | D        | Reached XP level 12. HP: 98/121 MP: 12/12
    14 | D        | Gained mutation: You may emit foul miasma when damaged in
                  | melee. [demonic ancestry]
    14 | D        | Reached XP level 13. HP: 104/128 MP: 13/13
    14 | D        | Killed a bag of meat
    14 | D        | Gained mutation: You have claws for feet. [demonic
                  | ancestry]
    14 | D        | Reached XP level 14. HP: 113/139 MP: 14/14
    14 | D        | Noticed a bag of meat
    15 | D        | Noticed a bag of meat
    15 | D        | Noticed a bag of meat
    15 | D        | Noticed a bag of meat
    15 | D        | Noticed a bag of meat
    15 | D        | Noticed a bag of meat
    15 | D        | Noticed a bag of meat
    15 | D        | Noticed a bag of meat
    15 | D        | Noticed a bag of meat
    16 | D        | Killed a bag of meat
    16 | D        | Killed a bag of meat
    16 | D        | Reached ** piety under Makhleb
    16 | D        | Gained mutation: You are significantly more attuned to the
                  | shadows. [demonic ancestry]
    16 | D        | Reached XP level 15. HP: 151/151 MP: 15/15
    18 | D        | Noticed a meat berserker
    19 | D        | Reached *** piety under Makhleb
    19 | D        | Reached XP level 16. HP: 164/164 MP: 16/16
    20 | D        | Reached XP level 17. HP: 177/177 MP: 17/17
    21 | D        | Reached **** piety under Makhleb
    22 | D        | Killed a meat berserker
    22 | D        | Reached skill level 27 in Fighting
    22 | D        | Reached XP level 18. HP: 191/191 MP: 18/18
    22 | D        | Reached ***** piety under Makhleb
    23 | D        | Reached skill level 27 in Axes
    23 | D        | Reached skill level 27 in Throwing
    23 | D        | Reached skill level 27 in Dodging
    23 | D        | Reached skill level 5 in Armour
    23 | D        | Reached skill level 5 in Unarmed Combat
    23 | D        | Reached skill level 5 in Spellcasting
    24 | D        | Reached skill level 10 in Armour
    24 | D        | Reached skill level 10 in Unarmed Combat
    24 | D        | Reached skill level 10 in Spellcasting
    24 | D        | Gained mutation: You are completely covered in rugged brown
                  | scales. (AC +3, +7% HP) [demonic ancestry]
    24 | D        | Reached XP level 19. HP: 191/202 MP: 18/33
    26 | D        | Reached skill level 15 in Stealth
    27 | D        | Noticed a meat berserker
    28 | D        | Reached skill level 15 in Armour
    28 | D        | Reached skill level 15 in Unarmed Combat
    28 | D        | Reached skill level 15 in Spellcasting
    28 | D        | Reached ****** piety under Makhleb
    29 | D        | Reached XP level 20. HP: 210/210 MP: 19/41
    30 | D        | Killed a meat berserker
    36 | D        | Reached skill level 27 in Invocations
    36 | D        | Gained mutation: You are robust. (+10% HP) [demonic
                  | ancestry]
    36 | D        | Reached XP level 21. HP: 210/238 MP: 20/46
    59 | D        | Reached skill level 27 in Stealth
    59 | D        | Gained mutation: You are completely attuned to the shadows.
                  | [demonic ancestry]
    59 | D        | Reached XP level 22. HP: 248/248 MP: 27/51
    61 | D        | Reached skill level 27 in Armour
    61 | D        | Reached skill level 27 in Unarmed Combat
    61 | D        | Reached skill level 27 in Spellcasting
    62 | D        | Gained mutation: You frequently emit foul miasma when
                  | damaged in melee. [demonic ancestry]
    62 | D        | Reached XP level 23. HP: 256/256 MP: 28/54
    66 | D        | Gained mutation: You are very robust. (+20% HP) [demonic
                  | ancestry]
    66 | D        | Reached XP level 24. HP: 256/288 MP: 29/54
   109 | D        | Noticed a destroyer
   114 | D        | Gained mutation: You are extremely robust. (+30% HP)
                  | [demonic ancestry]
   114 | D        | Reached XP level 25. HP: 288/320 MP: 44/54
   118 | D        | Killed a destroyer
   121 | D        | Reached XP level 26. HP: 302/331 MP: 46/54
   126 | D        | Noticed a large bag of meat
   129 | D        | Killed a large bag of meat
   129 | D        | Reached XP level 27. HP: 341/341 MP: 49/54
   160 | D        | Noticed a destroyer
   165 | D        | Killed a destroyer
   182 | D        | Noticed a large bag of meat
   185 | D        | Killed a large bag of meat
   252 | D        | Noticed The Meatlord
   255 | D        | Killed The Meatlord
   255 | D        | Noticed a large bag of meat
   256 | D        | Noticed a destroyer
   258 | D        | Noticed a destroyer
   259 | D        | Killed a destroyer
   260 | D        | Killed a large bag of meat
   265 | D        | Got the Orb of Zot
   266 | D        | Killed a destroyer
   344 | D        | Noticed a large bag of meat
   348 | D        | Killed a large bag of meat
   349 | D        | HP: 15/341 [meat berserker/+9 battleaxe (59)]
   350 | D        | HP: 7/341 [something (8)]
   379 | D        | Noticed a large bag of meat
   382 | D        | Killed a large bag of meat
   396 | D        | Noticed Vieskuli the pandemonium lord
   396 | D        | Noticed an ancient lich
   403 | D        | Killed an ancient lich
   403 | D        | Killed Vieskuli the pandemonium lord
   604 | D        | Noticed Onumiref the pandemonium lord
   607 | D        | Killed Onumiref the pandemonium lord
   646 | D        | Noticed a large bag of meat
   661 | D        | Killed a large bag of meat
   691 | D        | Noticed Koberph the pandemonium lord
   694 | D        | Killed Koberph the pandemonium lord
   714 | D        | Noticed Nadoutiz the pandemonium lord
   719 | D        | Killed Nadoutiz the pandemonium lord
   785 | D        | Noticed Esto the pandemonium lord
   793 | D        | Killed Esto the pandemonium lord
   854 | D        | Noticed Vaisheb the pandemonium lord
   857 | D        | Killed Vaisheb the pandemonium lord
   953 | D        | Noticed Hostrulemm the pandemonium lord
   955 | D        | Killed Hostrulemm the pandemonium lord
   979 | D        | Noticed Velud the pandemonium lord
   982 | D        | Killed Velud the pandemonium lord
  1013 | D        | Reached skill level 27 in Short Blades
  1013 | D        | Reached skill level 27 in Long Blades
  1013 | D        | Reached skill level 27 in Maces & Flails
  1013 | D        | Reached skill level 27 in Polearms
  1013 | D        | Reached skill level 27 in Slings
  1013 | D        | Reached skill level 27 in Bows
  1013 | D        | Reached skill level 27 in Crossbows
  1013 | D        | Reached skill level 27 in Shields
  1013 | D        | Reached skill level 27 in Conjurations
  1013 | D        | Reached skill level 27 in Hexes
  1013 | D        | Reached skill level 27 in Charms
  1013 | D        | Reached skill level 27 in Summonings
  1013 | D        | Reached skill level 27 in Necromancy
  1013 | D        | Reached skill level 27 in Translocations
  1013 | D        | Reached skill level 27 in Transmutations
  1013 | D        | Reached skill level 27 in Fire Magic
  1013 | D        | Reached skill level 27 in Ice Magic
  1013 | D        | Reached skill level 27 in Air Magic
  1013 | D        | Reached skill level 27 in Earth Magic
  1013 | D        | Reached skill level 27 in Poison Magic
  1013 | D        | Reached skill level 27 in Evocations
  1216 | D        | Noticed Simalin the pandemonium lord
  1220 | D        | Killed Simalin the pandemonium lord
  1300 | D        | Noticed a seraph
  1303 | D        | Killed a seraph
  1426 | D        | Noticed Jojijela the pandemonium lord
  1430 | D        | Killed Jojijela the pandemonium lord
  1454 | D        | Noticed Poridak the pandemonium lord
  1455 | D        | Killed Poridak the pandemonium lord
  1562 | D        | Noticed Zucoc the pandemonium lord
  1564 | D        | Killed Zucoc the pandemonium lord
  1601 | D        | Noticed Orufeaj the pandemonium lord
  1601 | D        | Killed Orufeaj the pandemonium lord
  1727 | D        | Noticed a seraph
  1730 | D        | Killed a seraph
  1757 | D        | Noticed Wilaw the pandemonium lord
  1763 | D        | Killed Wilaw the pandemonium lord
  1916 | D        | Noticed Ziucs the pandemonium lord
  1923 | D        | Killed Ziucs the pandemonium lord
  2325 | D        | Noticed Kuoss the pandemonium lord
  2328 | D        | Killed Kuoss the pandemonium lord
  2647 | D        | Noticed Duafuveb the pandemonium lord
  2652 | D        | Killed Duafuveb the pandemonium lord
  2797 | D        | Noticed a seraph
  2799 | D        | Killed a seraph
  3008 | D        | Noticed Juteqiti the pandemonium lord
  3012 | D        | Killed Juteqiti the pandemonium lord
  3079 | D        | Noticed Imive the pandemonium lord
  3089 | D        | Noticed Ganomake the pandemonium lord
  3089 | D        | Killed Imive the pandemonium lord
  3096 | D        | Killed Ganomake the pandemonium lord
  3168 | D        | Gained mutation: You are agile. (Dex +2) [a cacodemon]
  3228 | D        | Escaped with the Orb!

Skill      XL: |  1  2  3  4  5  6  7  8  9 10 11 12 13 14 15 16 17 18 19 20 21 22 23 24 25 26 27 |
---------------+----------------------------------------------------------------------------------+-----
Fighting       | 14 18 19 21 23 25 27 | 27.0
Axes           | 13 17 18 19 22 23 26 27 | 27.0
Throwing       | 13 16 18 19 21 23 26 27 | 27.0
Dodging        | 13 17 18 19 22 23 26 27 | 27.0
Armour         | 10 17 21 25 27 | 27.0
Stealth        | 11 18 22 27 | 27.0
Unarmed Combat | 10 17 21 25 27 | 27.0
Spellcasting   | 10 17 21 25 27 | 27.0
Invocations    | 14 22 27 | 27.0
Short Blades   | 27 | 27.0
Long Blades    | 27 | 27.0
Maces & Flails | 27 | 27.0
Polearms       | 27 | 27.0
Slings         | 27 | 27.0
Bows           | 27 | 27.0
Crossbows      | 27 | 27.0
Shields        | 27 | 27.0
Conjurations   | 27 | 27.0
Hexes          | 27 | 27.0
Charms         | 27 | 27.0
Summonings     | 27 | 27.0
Necromancy     | 27 | 27.0
Translocations | 27 | 27.0
Transmutations | 27 | 27.0
Fire Magic     | 27 | 27.0
Ice Magic      | 27 | 27.0
Air Magic      | 27 | 27.0
Earth Magic    | 27 | 27.0
Poison Magic   | 27 | 27.0
Evocations     | 27 | 27.0

Action                   |  1- 3 |  4- 6 |  7- 9 | 10-12 | 13-15 | 16-18 | 19-21 | 22-24 | 25-27 || total
-------------------------+-------+-------+-------+-------+-------+-------+-------+-------+-------++-------
Melee: Executioner's axe |     1 |       |       |     1 |     4 |     5 |    12 |     9 |   306 ||   338
 Stab: Distracted        |       |       |       |       |       |       |       |       |     7 ||     7
  Eat: Chunk             |       |       |       |       |       |       |       |       |     2 ||     2
       Ration            |       |       |       |       |       |       |       |       |     1 ||     1
Armor: Plate armour      |       |       |       |       |       |       |       |       |    37 ||    37
       Leather armour    |       |       |       |       |       |       |       |       |    17 ||    17
       Pearl dragon scal |       |       |       |       |       |       |       |       |    12 ||    12
Dodge: Dodged            |       |       |       |       |       |       |     1 |     2 |   287 ||   290
